← All builds
Front / Cortex / Economy first / OBSERVED BUILD

Standard front

Cortex Front build order · Supreme Isthmus

Standard economy-first Front play: Bot Lab immediately, Advanced Metal Extractor around 9:23, then a mixed Thug/Grunt/Aggravator army sent up to defend the wider gap and move to middle as a line.

#eco #team support · 451 distinct matches · 138 players · 65% of Cortex Front games · team won 51% of 468 · Recently observed

HOW TO PLAY IT

Key timing: Bot Lab by 0:40

  1. Open 2 mex into early Bot Lab.
  2. Finish Bot Lab and start Thug, Grunt, Aggravator mix.
  3. Send first units to coast to stop leaks, not straight to mid.
  4. Transition into Advanced Metal Extractor as eco scales.
  5. Move units up as a line toward middle to hold the wider gap.

Phase by phase

TYPICAL OF ITS 451 GAMES
  1. 1
  2. 2
  3. 3
PLAY THE OPENING

Follow the example game's first 6:00 step by step: what to build now, what comes next, and where it goes. At 1× it keeps pace with your own game.

  1. 1

    Up to the Bot Lab

    Economy
    • Metal Extractor2Mex
    Order
    1. Bot LabBot Lab after 2 mexdone ~0:40, middle half 0:34–0:46

    Some games also: wind (41%)

    By 0:23 in all: 2 mex

    The example game in this phase · 2 steps
    1. Mex ×2
    2. Bot LabBot Labdone 0:33 · typical 0:40
  2. 2

    Bot Lab to 5:00

    Economy
    • Metal Extractor4Mex
    • Wind Turbine4Wind
    Builders
    • Construction Bot3 Con bot
    • Graverobber2 Graverobber
    Army
    • Guard2 Guard
    • Thug9 Thug
    • Aggravator5 Aggravator
    • Grunt4 Grunt

    Some games also: con turret (45%) · Radar Tower (34%)

    By 5:00 in all: 6 mex · 5 wind

    The example game in this phase · 28 steps
    1. GruntGrunt
    2. Mex
    3. Wind
    4. GruntGrunt
    5. Wind ×2
    6. Construction BotCon bot
    7. GruntGrunt ×2
    8. Construction BotCon bot
    9. Mex
    10. ThugThug ×2
    11. Mex
    12. ThugThug ×4
    13. Mex
    14. ThugThug
    15. Radar TowerRadar Tower
    16. ThugThug
    17. GuardGuard
    18. ThugThug ×2
    19. GuardGuard
    20. GraverobberGraverobber
    21. Construction BotCon bot
    22. GuardGuard
    23. Construction BotCon bot
    24. ThugThug ×8
    25. Radar TowerRadar Tower
    26. ThugThug ×2
    27. GraverobberGraverobber
    28. ThugThug
  3. 3

    5:00 to 10:00

    Economy
    • Metal Extractor1Mex
    • Wind Turbine17Wind
    Builders
    • Construction Turret2 Con turret
    • Graverobber2 Graverobber
    • Construction Bot1 Con bot
    Army
    • Guard1 Guard
    • Grunt8 Grunt
    • Thug4 Thug
    • Aggravator1 Aggravator

    Some games also: Radar Tower (43%) · energy storage (36%) · converter (36%) · Twin Guard (33%) · eat Bot Lab (37%)

    By 10:00 in all: 7 mex · 24 wind · 3 con turret

    The example game in this phase · 72 steps
    1. ThugThug ×9
    2. Mex
    3. GraverobberGraverobber
    4. ThugThug ×3
    5. AgitatorAgitatordone 7:21
    6. ThugThug ×3
    7. Wind
    8. ThugThug ×2
    9. GraverobberGraverobber
    10. Wind
    11. Construction BotCon bot
    12. GruntGrunt
    13. Wind
    14. GruntGrunt ×5
    15. Wind
    16. GraverobberGraverobber
    17. Construction BotCon bot
    18. GruntGrunt
    19. Wind
    20. GruntGrunt
    21. Mex
    22. GruntGrunt ×4
    23. GraverobberGraverobber
    24. Wind
    25. Construction BotCon bot
    26. GruntGrunt ×2
    27. Wind
    28. GruntGrunt ×4
    29. GraverobberGraverobber
    30. Wind
    31. Construction BotCon bot
    32. Con turret
    33. GruntGrunt
    34. Wind
    35. Con turret
    36. ThistleThistle
    37. GruntGrunt
    38. ThistleThistle
    39. Con turret
    40. ThistleThistle
    41. GruntGrunt ×4
    42. Wind
    43. GruntGrunt
    44. ThistleThistle
    45. Con turret
    46. GruntGrunt ×2
    47. Wind
    48. Con turret
    49. GruntGrunt
    50. Mex
    51. Con turret
    52. GraverobberGraverobber
    53. Wind
    54. Con turret
    55. Twin GuardTwin Guard
    56. Construction BotCon bot
    57. GruntGrunt
    58. Wind
    59. GruntGrunt
    60. Wind
    61. Twin GuardTwin Guard
    62. GruntGrunt
    63. Wind ×2
    64. GruntGrunt ×3
    65. Wind ×2
    66. GraverobberGraverobber
    67. Wind
    68. Construction BotCon bot
    69. Wind
    70. Bot LabBot Labnot finished by 15:00
    71. GruntGrunt
    72. Wind ×2

Counts are medians over the build's games: half of them build more, half fewer. The example game is Hunfore's (32 OS, 09/10/2026); pick another.

Team trades

IN AT LEAST 30% OF ITS GAMES

You hand over

Nothing regular.

You get

  • Tidal Generator4 Tidal from Pondfirst at 0:17 · in 65% of games
  • Advanced Construction Bot1 T2 con bot from Geo or Techfirst at 7:46 · in 62% of games

How it plays out

Typical game of this build, running totals by minute

Metal produced

010k20k30k
0:005:0010:0015:00

metal

Enemy metal destroyed

02.5k5k7.5k
0:005:0010:0015:00

metal

Own metal lost

05k10k
0:005:0010:0015:00

metal

468 games.

Show as table
ByMetal produced: This buildEnemy metal destroyed: This buildOwn metal lost: This build
1:0033100
2:0085600
3:00162710486
4:002711389341
5:003853921839
6:00510915891556
7:00639523722474
8:00772631253385
9:00915138374291
10:001079845385079
11:001264252055987
12:001450856906925
13:001681462067630
14:001896966638539
15:002063272579305
WHAT THE NUMBERS SAY

Standard front play wins less than half its games, with losses slightly outpacing kills through the first 15 minutes.

  • + Kills reach 7200 by 15:00 despite the safer starting position.
  • + T2 constructor reached in 85% of games, solid tech follow-through.
  • − Team wins under half of games (45%), the weakest shown here.
  • − Own metal lost (9484) exceeds enemy metal destroyed (7200) by 15:00.
THE EXAMPLE YOU ARE READING

Hunfore

32.4 OS · 09/10/2026

Open source match ↗

5 received units
111 metal received · 17282 energy received

Allied construction assistance is unknown. Timings are observations, not a promise of solo reproducibility.

Typical milestones

Bot Lab0:40Middle 50%: 0:34–0:46 · n=454
Advanced Metal Extractor9:23Middle 50%: 8:19–10:45 · n=343

Played most by

iLike2Eco31games of this buildTheGeneraI27games of this buildSauceDispenser27games of this buildwatermeloans19games of this buildEl_Turco15games of this build